 Dungeon Crawl Stone Soup version 0.32-a0-519-g08f29ac1c3 (webtiles) character file.

Game seed: 4559814458822526749

62 Goblin1989 the Sneak (level 3, -1/29 HPs)
             Began as a Demonspawn Delver on Feb 27, 2024.
             Slain by an orc
             ... wielding a +0 club
              (2 damage)
             ... on level 4 of the Dungeon.
             The game lasted 00:04:23 (373 turns).

Goblin1989 the Sneak (Demonspawn Delver)             Turns: 373, Time: 00:04:24

Health: -1/29      AC:  3    Str: 12    XL:     3   Next: 85%
Magic:  3/3        EV: 11    Int: 10    God:
Gold:   76         SH:  0    Dex: 16    Spells: 2/2 levels left

rFire   . . .        a - +0 short sword
rCold   . . .        (no shield)
rNeg    . . .        b - +0 leather armour
rPois   .            (no helmet)
rElec   .            (no cloak)
rCorr   .            (no gloves)
SInv    .            (no boots)
Will    .....        (no amulet)
Stlth   +++          (no ring)
HPRegen 0.24/turn    (no ring)
MPRegen 0.16/turn

%: no passive effects
@: no status effects
A: demonic guardian 1, magic regeneration
a: Convert to Beogh


You were on level 4 of the Dungeon.
You visited 1 branch of the dungeon, and saw 3 of its levels.

You collected 76 gold pieces.

Inventory:

Hand Weapons
 a - a +0 short sword (weapon)
Missiles
 h - a poisoned dart (quivered)
Armour
 b - a +0 leather armour (worn)
Jewellery
 k - a ring of positive energy
Wands
 g - a wand of digging (3) {@v3}
Scrolls
 d - a scroll of revelation
 e - 2 scrolls of fear
Potions
 f - a potion of haste {@q3,}
 i - a potion of curing {unknown}
 j - 2 potions of resistance {unknown}


   Skills:
 - Level 3.0 Fighting
 + Level 2.6 Short Blades
 - Level 2.0 Throwing
 - Level 1.7 Dodging
 + Level 4.9 Stealth


You had 2 spell levels left.
You didn't know any spells.
Your spell library was empty.

Dungeon Overview and Level Annotations

Branches:
Dungeon (5/15) Zot: 17630
 Temple: D:4-7

Altars:


Innate Abilities, Weirdness & Mutations

A weak demonic guardian rushes to your aid.
You regenerate magic rapidly.


Message History

The iguana is severely wounded.
The iguana bites you!
* * * LOW HITPOINT WARNING * * *
A demonic guardian appears!
You take 9 damage, and have 5/29 hp.
MASSIVE DAMAGE!!
You hit the iguana.
The iguana is severely wounded.
You see here a hound corpse.
You swap places.
Your shadow imp gestures at the iguana.
The iguana writhes in agony!
The iguana dies!
Training target 2.0 for Throwing reached!
Your Throwing skill increases to level 2!
Things that are here:
a +0 dagger; a +0 sling; 4 stones
h - 2 poisoned darts (gained 1)
You swap places.
Things that are here:
a +0 dagger; a +0 sling; 4 stones You see here a hound corpse.
h - 3 poisoned darts (gained 1)
h - 4 poisoned darts (gained 1)
You swap places.
You start resting.
The orc priest shouts, "Beogh offers mercy even to people such as you.
Join us and be reborn!" (press Y on the ability menu to convert to Beogh)
You regained 2 hp, and now have 11/29 hp.
Your shadow imp disappears in a puff of smoke!
You see here a hound corpse.
Things that are here:
a +0 dagger; a +0 sling; 4 stones
As you read the scroll of fog, it dissolves into smoke.
You start resting.
An orc priest is nearby!
Throw: 4 darts (poison)
Press: ? - help, Q - select action Shift-Dir - straight line, f - orc priest
Aim: an orc priest, wielding a +0 short sword and wearing a +0 leather armour (grey smoke, 59% to hit)
You throw a poisoned dart.
The poisoned dart closely misses the orc priest.
Throw: 3 darts (poison)
Press: ? - help, Q - select action Shift-Dir - straight line, f/p - orc priest
Aim: an orc priest, wielding a +0 short sword and wearing a +0 leather armour (grey smoke, 59% to hit)
You throw a poisoned dart. The poisoned dart hits the orc priest.
The orc priest is poisoned.
The orc priest misses you.
You closely miss the orc priest.
The orc priest hits you with a +0 short sword.
* * * LOW HITPOINT WARNING * * *
You take 4 damage, and have 10/29 hp.
You hit the orc priest.
The orc priest shouts, "The Pantheon deserves no one's loyalty.
Let us show you the true path!"
The orc priest is moderately wounded.
The orc priest closely misses you.
You barely miss the orc priest.
The orc priest is moderately wounded.
The orc priest miscasts a cantrip.
You hit the orc priest but do no damage.
The orc priest shouts, "Surrender to Beogh and we'll let you live!"
The orc priest is moderately wounded.
The orc priest hits you with a +0 short sword.
* * * LOW HITPOINT WARNING * * *
You take 2 damage, and have 8/29 hp.
You barely miss the orc priest.
The orc priest is heavily wounded.
You hit the orc priest but do no damage.
The orc priest is heavily wounded.
The orc priest hits you with a +0 short sword.
* * * LOW HITPOINT WARNING * * *
A demonic guardian appears!
You take 3 damage, and have 5/29 hp.
You barely miss the orc priest.
The orc priest is heavily wounded.
The orc priest looks more healthy.
The orc shouts!
You hit the orc priest.
The orc priest is severely wounded.
Your iron imp closely misses the orc priest.
The orc priest barely misses you.
You closely miss the orc priest.
The orc priest is severely wounded.
The orc barely misses you.
The orc priest mumbles some strange prayers to Beogh against you.
Pain shoots through your body!
* * * LOW HITPOINT WARNING * * *
Your iron imp closely misses the orc priest.
You take 4 damage, and have 1/29 hp.
Throw: 2 darts (poison)
Press: ? - help, Q - select action Shift-Dir - straight line, f/p - orc priest
Aim: an orc priest, wielding a +0 short sword and wearing a +0 leather armour (grey smoke, severely wounded, ally target, 59% to hit)
You throw a poisoned dart. The poisoned dart hits the orc priest.
The orc priest is poisoned.
The orc priest is severely wounded.
The orc closely misses you.
The orc priest hits you but does no damage.
You closely miss the orc priest.
The orc priest is severely wounded.
Your iron imp barely misses the orc priest.
The orc hits you with a +0 club.
You die...

.███ ...█ ... ...█ ...
...█ .. █.█ █..██ .. ...█
█.█ ██...█ .. ...█
█§████....██..█ .. ....██
██§§§....o..(... █
█.....████oo███████......
██ ██........5@██ .....
.█████...██████.§█ ....
..██.....█ ██.█ █$ ...
......█..█ █.████... ..
.███..█..█ █..█..... .
███......█ █████....██
█......███.██....█.██
█..███.....██.......█..
██..███..█.........█.....


You could see an orc priest (poisoned, ally target), an orc and a friendly iron
imp (summoned).

Vanquished Creatures
  A hound (D:4)
  An orc (D:4)
  A goblin (D:4)
  2 hobgoblins (D:4)
  A kobold (D:4)
6 creatures vanquished.

Vanquished Creatures (collateral kills)
  An iguana (D:4)
1 creature vanquished.

Grand Total: 7 creatures vanquished

Notes
Turn   | Place    | Note
-------+----------+-------------------------------------------
     0 | D:5      | Goblin1989 the Demonspawn Delver began the quest for the
                  | Orb.
     0 | D:5      | Reached XP level 1. HP: 18/18 MP: 1/1
   115 | D:4      | Noticed an orc priest
   115 | D:4      | Noticed an orc wizard
   265 | D:3      | Noticed an orc wizard
   265 | D:3      | Noticed an orc priest
   282 | D:4      | Noticed a hound
   296 | D:4      | Killed a hound
   297 | D:4      | Reached skill level 1 in Throwing
   297 | D:4      | Gained mutation: You regenerate magic rapidly. [demonic
                  | ancestry]
   297 | D:4      | Reached XP level 2. HP: 10/24 MP: 2/2
   297 | D:4      | Gained mutation: A weak demonic guardian rushes to your
                  | aid. [demonic ancestry]
   297 | D:4      | Reached XP level 3. HP: 12/29 MP: 3/3
   371 | D:4      | HP: 1/29 [orc priest/nerve-wracking pain (5)]
   373 | D:4      | Slain by an orc

Illustrated notes

Levels and vault maps discovered:
D:3:      kennysheep_slugbush, layout_basic, basic_ecumenical_altar,
          small_statue_intersection, uniq_robin
D:4:      cheibrodos_pilgrimage, layout_layer_cave,
          lemuel_zombie_altar_yredelemnul
D:5:      layout_loops_corners

Skill      XL: |  1  2  3 |
---------------+----------+-----
Short Blades   | 2 |  2.6
Throwing       | 1 2 |  2.0
Fighting       | |  3.0
Dodging        | |  1.7
Stealth        | |  4.9

Action                     || total
---------------------------++-------
  Melee: Short sword       ||    35
  Throw: Dart              ||     9
    Use: Scroll            ||     1
   Stab: Distracted        ||     1
         Sleeping          ||     1
 Armour: Leather armour    ||    18
  Dodge: Dodged            ||    23

Table legend: (Time is in decaauts)
 A = Elapsed time spent in this place.
 B = Non-inter-level travel time spent in this place.
 C = Inter-level travel time spent in this place.
 D = Time resting spent in this place.
 E = Time spent auto-exploring this place.
 F = Levels seen in this place.
 G = Mean time per level.
                   A        B        C        D        E       F      G
               +--------+--------+--------+--------+--------+-----+--------+
         Total |    368 |    368 |      0 |     20 |      0 |   3 |  122.7 |
       Dungeon |    368 |    368 |      0 |     20 |      0 |   3 |  122.7 |
               +--------+--------+--------+--------+--------+-----+--------+

Top non-repeatable levels by time:
     D:4: 273 daAuts
     D:5: 93 daAuts
     D:3: 1 daAuts
